General information
- name: BNet
- type: Ladder team game (AT/RT)
- host: Battle.net
- saver: OhMyItsSarah
map: TwistedMeadows
- players: 4
- length: 16:05
- speed: Fast
- version: 1.24 W3XP
- replay type: Public
» download(131 KB)
Players
team 1 (winner)
OhMyItsSarah (
yellow | 105 APM | 1687 actions | 16:05)
3 Priestess of the Moon
1 Searing Arrows
2 Trueshot Aura
» actions
| Assign group hotkey | 340 | |
| Basic commands | 199 | |
| Build / train | 75 | |
| Enter build submenu | 11 | |
| Enter hero's abilities submenu | 3 | |
| Remove unit from queue | 5 | |
| Right click | 702 | |
| Select / deselect | 202 | |
| Select group hotkey | 110 | |
| Use ability | 40 | |
1687 total
» units
» upgrades
| Strength of the Moon | 1 | |
| Moon Armor | 2 | |
3 total
» buildings
| Altar of Elders | 1 | |
| Moon Well | 4 | |
| Hunter's Hall | 1 | |
| Ancient of War | 2 | |
| Tree of Life | 1 | |
9 total
» build order
00:04 Altar of Elders
00:07 Moon Well
01:41 Hunter's Hall
01:59 Ancient of War
02:24 Ancient of War
02:40 Moon Well
04:01 Moon Well
06:05 Tree of Life
06:17 Moon Well
» items
| Scroll of Town Portal | 1 | |
| Potion of Healing | 5 | |
6 total
womenizer (
green | 111 APM | 1783 actions | 16:05)
4 Death Knight
2 Death Coil
2 Unholy Aura
3 Lich
2 Frost Nova
1 Frost Armor
1 Crypt Lord
1 Impale
» actions
| Assign group hotkey | 72 | |
| Basic commands | 6 | |
| Build / train | 62 | |
| Enter build submenu | 17 | |
| Enter hero's abilities submenu | 8 | |
| Give item / drop item | 3 | |
| Right click | 728 | |
| Select / deselect | 293 | |
| Select group hotkey | 499 | |
| Use ability | 95 | |
1783 total
» units
| Acolyte | 2 | |
| Ghoul | 1 | |
| Crypt Fiend | 14 | |
| Obsidian Statue | 10 | |
27 total
» upgrades
| Creature Attack | 3 | |
| Creature Carapace | 3 | |
| Burrow | 1 | |
| Destroyer Form | 1 | |
| Web | 1 | |
9 total
» buildings
| Graveyard | 1 | |
| Crypt | 2 | |
| Altar of Darkness | 1 | |
| Ziggurat | 7 | |
| Tomb of Relics | 1 | |
| Halls of the Dead | 3 | |
| Slaughterhouse | 1 | |
| Black Citadel | 1 | |
| Sacrificial Pit | 1 | |
| Boneyard | 1 | |
19 total
» build order
00:04 Graveyard
00:07 Crypt
00:11 Crypt
00:14 Altar of Darkness
00:45 Ziggurat
01:11 Tomb of Relics
02:01 Ziggurat
03:27 Halls of the Dead
03:27 Halls of the Dead
03:28 Halls of the Dead
03:51 Ziggurat
06:00 Slaughterhouse
07:48 Black Citadel
08:26 Ziggurat
08:27 Ziggurat
11:09 Sacrificial Pit
13:32 Ziggurat
13:33 Ziggurat
13:35 Boneyard
» items
| Rod of Necromancy | 1 | |
| Scroll of Town Portal | 4 | |
| Potion of Healing | 2 | |
| Orb of Corruption | 1 | |
8 total
team 2 (loser)

»
WemadeFOX_Moon (
teal | 244 APM | 3925 actions | 16:04)
4 Archmage
2 Summon Water Elemental
2 Brilliance Aura
2 Mountain King
1 Storm Bolt
1 Bash
» actions
| Assign group hotkey | 62 | |
| Basic commands | 11 | |
| Build / train | 60 | |
| ESC pressed | 1 | |
| Enter build submenu | 21 | |
| Enter hero's abilities submenu | 6 | |
| Give item / drop item | 4 | |
| Remove unit from queue | 1 | |
| Right click | 1334 | |
| Select / deselect | 549 | |
| Select group hotkey | 1765 | |
| Use ability | 111 | |
3925 total
» units
| Peasant | 15 | |
| Footman | 8 | |
| Sorceress | 3 | |
| Priest | 2 | |
| Spell Breaker | 6 | |
| Rifleman | 4 | |
38 total
» upgrades
| Defend | 1 | |
| Lumber Harvesting | 1 | |
| Sorceress Training | 1 | |
3 total
» buildings
| Altar of Kings | 1 | |
| Barracks | 1 | |
| Farm | 11 | |
| Scout Tower | 1 | |
| Keep | 1 | |
| Arcane Tower | 1 | |
| Lumber Mill | 1 | |
| Arcane Sanctum | 2 | |
| Arcane Vault | 1 | |
| Blacksmith | 1 | |
21 total
» build order
00:05 Altar of Kings
00:20 Barracks
00:29 Farm
00:59 Farm
01:03 Farm
01:49 Scout Tower
02:01 Farm
03:18 Keep
03:33 Arcane Tower
03:35 Farm
04:04 Lumber Mill
04:20 Farm
04:22 Farm
05:48 Arcane Sanctum
06:08 Arcane Sanctum
07:09 Arcane Vault
07:13 Farm
12:07 Farm
12:24 Blacksmith
13:07 Farm
13:09 Farm
» items
| Dust of Appearance | 1 | |
| Boots of Speed | 1 | |
| Potion of Lesser Invulnerability | 1 | |
| Potion of Healing | 2 | |
| Scroll of Town Portal | 2 | |
7 total
WeMadeFOX_PRO (
blue | 155 APM | 2480 actions | 15:58)
3 Archmage
2 Summon Water Elemental
1 Brilliance Aura
1 Mountain King
1 Storm Bolt
» actions
| Assign group hotkey | 64 | |
| Basic commands | 224 | |
| Build / train | 83 | |
| ESC pressed | 4 | |
| Enter build submenu | 31 | |
| Enter hero's abilities submenu | 4 | |
| Right click | 719 | |
| Select / deselect | 506 | |
| Select group hotkey | 703 | |
| Use ability | 142 | |
2480 total
» units
| Peasant | 34 | |
| Footman | 6 | |
| Rifleman | 8 | |
| Mortar Team | 1 | |
| Flying Machine | 1 | |
50 total
» upgrades
» buildings
| Altar of Kings | 2 | |
| Farm | 5 | |
| Barracks | 2 | |
| Lumber Mill | 1 | |
| Scout Tower | 11 | |
| Town Hall | 1 | |
| Guard Tower | 12 | |
| Blacksmith | 1 | |
| Arcane Vault | 2 | |
| Keep | 1 | |
| Workshop | 2 | |
40 total
» build order
00:05 Altar of Kings
00:06 Farm
00:09 Altar of Kings
00:52 Barracks
01:07 Farm
02:36 Farm
02:51 Lumber Mill
03:33 Farm
03:53 Scout Tower
03:55 Scout Tower
03:56 Scout Tower
04:29 Scout Tower
04:30 Scout Tower
04:38 Town Hall
04:40 Guard Tower
04:59 Guard Tower
05:38 Guard Tower
06:15 Farm
06:50 Scout Tower
06:51 Scout Tower
06:55 Blacksmith
07:06 Guard Tower
07:06 Guard Tower
07:06 Guard Tower
07:06 Guard Tower
07:37 Barracks
07:52 Scout Tower
10:02 Arcane Vault
10:30 Scout Tower
10:32 Guard Tower
10:42 Keep
10:58 Arcane Vault
11:02 Guard Tower
12:15 Scout Tower
12:15 Scout Tower
13:20 Guard Tower
13:20 Guard Tower
14:26 Workshop
14:27 Workshop
» items
| Lesser Clarity Potion | 2 | |
| Scroll of Regeneration | 2 | |
| Potion of Healing | 1 | |
| Scroll of Town Portal | 1 | |
| Scroll of Healing | 1 | |
| Dust of Appearance | 1 | |
8 total
Chat log
(00:23 / Allies) OhMyItsSarah: dual
(00:24 / Allies) OhMyItsSarah: hu
(00:34 / All) OhMyItsSarah: gl hf
(00:38 / All) WeMadeFOX_PRO: hf
(00:41 / Allies) womenizer: later on just need to get them to 1v1 me
(00:45 / Allies) OhMyItsSarah: kk
(00:52 / Allies) OhMyItsSarah: tryhard mode on
(00:54 / Allies) womenizer: if we cant 2v2 end it
(02:17 / Allies) womenizer: love the sound of zm dieing
(02:21 / Allies) womenizer: am*
(02:26 / Allies) OhMyItsSarah: HEEE
(03:46 / Allies) OhMyItsSarah: they gunna get epxo
(04:28 / Allies) OhMyItsSarah: healin
(04:29 / Allies) OhMyItsSarah: sec
(04:30 / Allies) womenizer: peon raoew
(05:00 / Allies) womenizer: end atk
(05:10 / Allies) OhMyItsSarah: gunna stop it
(05:49 / Allies) OhMyItsSarah: FUCK
(06:40 / Allies) womenizer: gold
(07:07 / Allies) OhMyItsSarah: k sec
(08:54 / All) WeMadeFOX_PRO: fucken
(09:00 / All) WeMadeFOX_PRO: mhers